Map: Golden Wall LE

Players

Scarlett

  • Race: Zerg Zerg
  • Spawn Location: 5:00

Astrea - Winner!

  • Race: Protoss Protoss
  • Spawn Location: 7:00

Event: DreamHack SC2 Masters 2020 Summer North America

VOD

Have the link to the VOD?

Description

Time

  • Played on: July 11, 2020, 3:36 p.m.
  • Length: 7:43

All games in this series

Show
View Real Time Build Order
Export as new Build Order

Scarlett Zerg 

Build Orders: Hatch First 

Get SALT Encoding   

  12  0:00  Drone  
  13  0:12  Overlord  
  13  0:17  Drone  
  14  0:31  Drone x2  
  16  0:38  Drone  
  17  0:52  Hatchery  
  17  0:56  Drone  
  17  1:00  Drone  
  18  1:05  Extractor  
  17  1:14  Spawning Pool  
  17  1:17  Drone  
  17  1:21  Drone  
  18  1:29  Drone  
  19  1:41  Drone  
  20  1:51  Overlord  
  20  2:04  Queen  
  20  2:06  Queen, Metabolic Boost  
  24  2:12  Zergling x2  
  25  2:16  Drone  
  25  2:18  Drone  
  27  2:23  Zergling x2  
  28  2:31  Zergling x2  
  28  2:35  Roach Warren  
  28  2:36  Zergling x2  
  29  2:38  Zergling x2  
  30  2:57  Zergling x6  
  33  3:03  Hatchery  
  30  3:15  Overlord  
  30  3:16  Roach x2  
  30  3:18  Roach  
  36  3:23  Overlord  
  36  3:33  Roach x2  
  40  3:34  Zergling x4  
  40  3:37  Zergling x2  
  40  3:39  Ravager  
  44  3:43  Zergling x2  
  44  3:46  Zergling x2  
  46  3:49  Zergling x6  
  46  3:54  Zergling x4  
  51  3:57  Zergling x2  
  51  4:02  Overlord  
  47  4:12  Zergling x4  
  45  4:17  Zergling x6  
  45  4:20  Zergling x4  
  45  4:24  Zergling x2  
  45  4:29  Zergling x4  
  42  4:35  Roach, Ravager x2  
  42  4:38  Zergling x2  
  45  4:47  Zergling x2  
  45  4:48  Zergling x6  
  46  5:00  Zergling x10  
  50  5:07  Ravager  
  50  5:10  Roach  
  50  5:16  Zergling x8  
  50  5:22  Zergling x6  
  51  5:31  Zergling x6  
  53  5:38  Zergling x2  
  53  5:39  Zergling x4  
  51  5:49  Zergling x8  
  51  5:55  Zergling x6  
  47  6:01  Zergling x4  
  41  6:06  Roach  
  41  6:09  Roach  
  45  6:12  Roach  
  45  6:14  Zergling x2  
  45  6:17  Zergling x2  
  49  6:19  Zergling x2  
  49  6:22  Zergling x2  
  51  6:26  Ravager, Zergling x2  
  51  6:28  Zergling x2  
  51  6:31  Ravager  
  55  6:33  Zergling x2  
  55  6:34  Zergling x2  
  41  7:12  Zergling x2  
  41  7:13  Zergling x12  
  41  7:15  Zergling x2  
  43  7:23  Zergling x4  
Show
View Real Time Build Order
Export as new Build Order

Astrea Protoss - Winner!

Build Orders: 1 Gate Expand 

Get SALT Encoding   

  12  0:00  Probe  
  13  0:12  Probe  
  14  0:18  Pylon  
  14  0:23  Probe  
  15  0:32  Probe  
  15  0:39  Gateway  
  15  0:40  Probe  
  16  0:47  Assimilator  
  17  0:51  Probe  
  18  1:03  Probe  
  19  1:15  Probe  
  20  1:27  Cybernetics Core  
  20  1:33  Nexus  
  20  1:38  Probe  
  21  1:43  Pylon  
  21  1:50  Probe  
  21  1:53  Adept  
  21  1:54  Assimilator  
  22  2:02  Probe  
  22  2:06  Warp Gate  
  25  2:13  Adept  
  25  2:14  Probe  
  26  2:26  Probe  
  29  2:32  Robotics Facility  
  29  2:38  Probe  
  30  2:45  Stalker  
  30  2:47  Probe  
  30  2:51  Probe  
  34  2:59  Probe  
  35  3:07  Immortal  
  35  3:12  Probe  
  36  3:15  Probe  
  36  3:16  Sentry  
  36  3:17  Pylon  
  43  3:25  Pylon  
  43  3:26  Probe  
  44  3:30  Probe  
  45  3:38  Probe  
  45  3:39  Warp Prism  
  46  3:42  Probe  
  46  3:43  Pylon  
  49  3:52  Probe  
  49  3:54  Probe  
  51  3:57  Sentry  
  53  4:08  Shield Battery, Pylon  
  49  4:19  Immortal  
  49  4:25  Stalker  
  49  4:29  Probe  
  47  4:35  Probe  
  48  4:41  Probe  
  48  4:43  Sentry  
  51  4:49  Probe  
  52  4:53  Gateway  
  52  4:55  Immortal  
  52  4:56  Probe  
  53  5:02  Probe  
  58  5:17  Zealot  
  58  5:21  Probe  
  61  5:28  Gateway  
  61  5:30  Forge  
  61  5:33  Twilight Council  
  61  5:41  Immortal  
  61  5:43  Zealot  
  58  5:55  Zealot  
  58  5:59  Probe x2  
  52  6:10  Pylon  
  52  6:11  Probe x2  
  52  6:12  Sentry  
  52  6:14  Shield Battery  
  56  6:21  Probe  
  56  6:23  Observer, Probe  
  58  6:29  Probe  
  59  6:35  Probe  
  59  6:36  Gateway  
  59  6:37  Gateway  
  61  6:50  Probe  
  61  6:51  Zealot x2  
  66  7:03  Immortal  
  62  7:12  Stalker x2  
Tags
 
Add a new tag
Caveats
  • Supply blocks, unpowered buildings, or Contaminate may cause inaccurate times.
  • Supply counts are checked every 10 seconds.